 Dungeon Crawl Stone Soup version 0.28.0-49-g6dfe1f597d (webtiles) character file.

Game seed: 7132184262357686841

4 acdeimund the Grave Robber (level 1, 0/15 HPs)
             Began as a Deep Dwarf Necromancer on May 12, 2022.
             Slain by a quokka (2 damage)
             ... on level 1 of the Dungeon.
             The game lasted 00:02:07 (330 turns).

acdeimund the Grave Robber (Deep Dwarf Necromancer)  Turns: 330, Time: 00:02:07

Health: 0/15       AC:  2    Str: 11    XL:     1   Next: 50%
Magic:  0/3        EV: 12    Int: 15    God:
Gold:   0          SH:  0    Dex: 13    Spells: 2/3 levels left

rFire   . . .      SeeInvis .   b - +0 dagger
rCold   . . .      Faith    .   (no shield)
rNeg    . . .      Spirit   .   a - +0 robe
rPois   .          Reflect  .   (no helmet)
rElec   .          Harm     .   (no cloak)
rCorr   .          Rampage  .   (no gloves)
Will    .....                   (no boots)
Stlth   ++........              (no amulet)
HPRegen 0.00/turn               (no ring)
MPRegen 0.08/turn               (no ring)

@: no status effects
A: damage resistance, heal wounds, sense surroundings 1, no regeneration
a: Heal Wounds


You were on level 1 of the Dungeon.
You visited 1 branch of the dungeon, and saw 1 of its levels.

Inventory:

Hand Weapons
 b - a +0 dagger (weapon)
Armour
 a - a +0 robe (worn)
Scrolls
 c - a scroll of identify {unknown}


   Skills:
 - Level 2.1 Dodging
 - Level 2.4 Stealth
 + Level 1.9 Spellcasting
 + Level 4.5 Necromancy


You had 2 spell levels left.
You knew the following spells:

 Your Spells              Type           Power      Damage    Failure   Level
a - Pain                  Necr           60%        1d7       3%          1

Your spell library contained the following spells:

 Spells                   Type           Power      Damage    Failure   Level
 Animate Skeleton         Necr           30%        N/A       3%          1
 Vampiric Draining        Necr           15%        2d7       11%         3
 Animate Dead             Necr           7%         N/A       34%         4
 Agony                    Necr           15%        N/A       67%         5


Dungeon Overview and Level Annotations

Branches:
Dungeon (1/15)

Altars:


Innate Abilities, Weirdness & Mutations

You are resistant to damage.
You can heal yourself by infusing magical energy.
You passively map a small area around you.
You do not regenerate.


Message History

Aiming: Pain (safe; 3% risk of failure)
Press: ? - help, Q - select action, (/) - cycle Shift-Dir - straight line, f - kobold
Aim: a kobold, wielding a +0 dagger (asleep, chance to affect: 84%)
The kobold shouts!
The kobold barely resists.
Aiming: Pain (safe; 3% risk of failure)
Press: ? - help, Q - select action, (/) - cycle Shift-Dir - straight line, f/p - kobold
Aim: a kobold, wielding a +0 dagger (chance to affect: 84%)
The kobold barely resists.
You hit the kobold.
The kobold is heavily wounded.
The kobold hits you with a +0 dagger.
A goblin comes into view. It is wielding a +0 club.
You hit the kobold.
You kill the kobold!
Aiming: Pain (safe; 3% risk of failure)
Press: ? - help, Q - select action, (/) - cycle Shift-Dir - straight line, f - quokka
Aim: a quokka (chance to affect: 85%)
The quokka barely resists.
The quokka closely misses you.
Aiming: Pain (safe; 3% risk of failure)
Press: ? - help, Q - select action, (/) - cycle Shift-Dir - straight line, f/p - quokka
Aim: a quokka (chance to affect: 85%)
The quokka barely resists.
The quokka completely misses you.
You hit the quokka.
The quokka is moderately wounded.
The quokka barely misses you.
You hit the quokka.
The quokka is heavily wounded.
The quokka bites you. x2
* * * LOW HITPOINT WARNING * * *
You barely miss the quokka.
The quokka is heavily wounded.
The quokka bites you.
* * * LOW HITPOINT WARNING * * *
You don't have enough magic to cast this spell.
You don't have enough magic to cast this spell.
The quokka bites you.
You die...

#.###.#####...... * , #....##
....# ,, * ####..# ..#.# , *
##.##.... , , #.* #.#..#, , w...
#.########...##### .....
..........g....... , .....
#.######..r.#...##
....##.######.#@##...#
.....#.#......#.#*,..#
#####.....######.# ,.#
....##...## #.##...##.........
........[.######.##......#.......
.....##.#.....##.###....#.#......
....###.#####.##.......#...#.....
....###.#####.###.#####.....#####
...................#...........#.


You could see a quokka and a goblin.

Vanquished Creatures
  A kobold (D:1)
  A quokka (D:1)
  A frilled lizard (D:1)
  A rat (D:1)
4 creatures vanquished.

Notes
Turn   | Place    | Note
-------+----------+-------------------------------------------
     0 | D:1      | acdeimund the Deep Dwarf Necromancer began the quest for
                  | the Orb.
     0 | D:1      | Reached XP level 1. HP: 15/15 MP: 3/3
   330 | D:1      | Slain by a quokka

Illustrated notes

Levels and vault maps discovered:
D:1:      scummos_arrival_star, layout_rooms, hellmonk_ecumenical_altar_blasted,
          dk_noncrumbling_3, minmay_pentomino_z2

Action                   || total
-------------------------++-------
Melee: Unarmed           ||    19
       Dagger            ||     5
 Cast: Pain              ||     6
 Stab: Sleeping          ||     1
Armor: Robe              ||     2
Dodge: Dodged            ||    16
